 Dungeon Crawl Stone Soup version 0.13-a0-1553-g7307ddf (webtiles) character file.

1090 Kae the Chiller (level 7, -2/50 HPs)
             Began as a Purple Draconian Ice Elementalist on June 10, 2013.
             Slain by an ogre
             ... wielding a +0,+0 giant club
              (10 damage)
             ... on Level 5 of the Dungeon.
             The game lasted 00:13:16 (5731 turns).

Kae the Chiller (Purple Draconian Ice Elementalist) Turns: 5731, Time: 00:13:17

HP  -2/50        AC  7     Str 10      XL: 7   Next: 82%
MP  15/18        EV 12     Int 17      God:
Gold 177         SH  0     Dex 12      Spells:  4 memorised,  6 levels left

Res.Fire  : . . .   See Invis. : .   i - +2 mace (crush)
Res.Cold  : . . .   Warding    : .   (armour unavailable)
Life Prot.: . . .   Conserve   : .   (no shield)
Res.Poison: .       Res.Corr.  : .   (helmet restricted)
Res.Elec. : .       Clarity    : .   (no cloak)
Sust.Abil.: . .     Spirit.Shd : .   (no gloves)
Res.Mut.  : .       Stasis     : .   w - +0 pair of boots
Res.Rott. : .       Flight     : .   (no amulet)
Saprovore : . . .                    (no ring)
                                     (no ring)

@: short of breath, about to teleport, somewhat resistant to hostile
enchantments, unstealthy
A: breathe power, unfitting armour, AC +6
a: Breathe Dispelling Energy


You were on level 5 of the Dungeon.
You were not hungry.

You visited 1 branch of the dungeon, and saw 5 of its levels.

You collected 157 gold pieces.

Inventory:

Hand weapons
 i - a +2,+2 mace of crushing (weapon)
 q - a +0,+0 club (quivered)
 r - a +0,+0 spear
Armour
 w - a +0 pair of boots (worn)
Comestibles
 c - a bread ration
 j - a lychee
 k - a lemon
 l - an apple
 o - 3 chunks of worker ant flesh
 p - a meat ration
 s - a chunk of giant gecko flesh
Scrolls
 a - a scroll of remove curse
 g - a scroll of random uselessness {unknown}
 h - a scroll of recharging
Potions
 d - a potion of brilliance
 m - a potion of agility {unknown}
 n - 3 potions of curing
 z - a potion of paralysis {unknown}
Books
 b - a book of Frost

   Spells                             Type                      Level
   *Freeze                            Ice                          1
   *Throw Frost                       Conjuration/Ice              2
   *Ozocubu's Armour                  Charms/Ice                   3
   *Throw Icicle                      Conjuration/Ice              4
   Summon Ice Beast                   Ice/Summoning                4
   Condensation Shield                Ice                          4


   Skills:
 - Level 1.7 Dodging
 - Level 1.7 Stealth
 + Level 5.3 Spellcasting
 * Level 4.1 Conjurations
 + Level 6.6 Ice Magic


You had 6 spell levels left.
You knew the following spells:

 Your Spells              Type           Power        Failure   Level  Hunger
a - Freeze                Ice            ####         1%          1    None
b - Throw Frost           Conj/Ice       ###...       2%          2    #......
c - Ozocubu's Armour      Chrm/Ice       ###.......   12%         3    ###....
d - Throw Icicle          Conj/Ice       ###.....     17%         4    ####...


Dungeon Overview and Level Annotations

Branches:
Dungeon (5/27)
 Temple: D:4-7

Altars:
Yredelemnul
the Shining One


Message History

Unknown command.
Casting: Freeze
Confirm with . or Enter, or press ? or * to list all spells.
Aiming: Freeze
Press: ? - help, Shift-Dir - straight line, f/p - orc wizard
Aim: an orc wizard, wielding an orcish dagger and wearing an orcish robe (almost dead, moving very quickly)
You freeze the orc wizard.
The orc wizard is almost dead.
The orc hits you but does no damage.
The orc wizard hits you with an orcish dagger.
* * * LOW HITPOINT WARNING * * *
Unknown command.
Unknown command.
Read which item? (? for menu, Esc to quit)
As you read the scroll of teleportation, it crumbles to dust.
You feel strangely unstable. The orc wizard barely misses you.
The orc hits you with an orcish short sword.
* * * LOW HITPOINT WARNING * * *
The ogre hits you with a giant club!
You die...

#.....# #.....# ###
####......#
#...############.........
...................!......
........<..................
...........................
..........o)...._..........
......))..o@O..............
####.....########........#
#.....# #........## #######
###.......# #.......#
#.......## #........#
#........# #........#


You could see an ogre, an orc wizard and an orc.

Vanquished Creatures
  Grinder (D:4)
  A phantom (D:4)
  A crimson imp (D:5)
  An orc priest (D:4)
  2 hounds (D:4)
  A worker ant (D:5)
  An iguana (D:4)
  4 orc wizards
  8 adders
  12 gnolls
  A giant mite (D:4)
  A worm (D:4)
  22 orcs
  10 bats
  5 giant cockroaches
  8 goblins
  7 hobgoblins
  9 jackals
  10 kobolds
  A ball python (D:4)
  3 giant geckos
  7 giant newts
  A kobold skeleton (D:4)
  8 rats
125 creatures vanquished.

Vanquished Creatures (others)
  A ball python (D:2)
  A kobold (D:1)
2 creatures vanquished.

Grand Total: 127 creatures vanquished

Notes
Turn   | Place    | Note
--------------------------------------------------------------
     0 | D:1      | Kae, the Draconian Ice Elementalist, began the quest for the Orb.
     0 | D:1      | Reached XP level 1. HP: 14/14 MP: 3/3
   297 | D:1      | Reached XP level 2. HP: 1/20 MP: 1/4
  1227 | D:1      | Reached XP level 3. HP: 3/26 MP: 0/6
  1520 | D:1      | Reached skill level 4 in Ice Magic
  2602 | D:2      | Reached XP level 4. HP: 27/33 MP: 4/8
  2911 | D:2      | Reached XP level 5. HP: 21/38 MP: 3/10
  3070 | D:2      | Reached skill level 5 in Ice Magic
  3380 | D:3      | Found a glowing golden altar of the Shining One.
  3988 | D:4      | Reached XP level 6. HP: 45/45 MP: 9/13
  4533 | D:4      | Noticed a phantom
  4552 | D:4      | Reached skill level 6 in Ice Magic
  4585 | D:3      | Learned a level 2 spell: Throw Frost
  4589 | D:3      | Learned a level 3 spell: Ozocubu's Armour
  4594 | D:3      | Learned a level 4 spell: Throw Icicle
  4915 | D:4      | Killed a phantom
  4915 | D:4      | Your scales start taking on a rich purple colour.
  4915 | D:4      | Reached XP level 7. HP: 27/50 MP: 11/17
  5330 | D:5      | Entered Level 5 of the Dungeon
  5392 | D:5      | Noticed Grinder
  5399 | D:4      | Killed Grinder
  5399 | D:4      | Reached skill level 5 in Spellcasting
  5703 | D:5      | Found a basalt altar of Yredelemnul.
  5731 | D:5      | Slain by an ogre

Action                   |  1- 3 |  4- 6 |  7- 9 || total
-------------------------+-------+-------+-------++-------
Melee: Unarmed           |   116 |    40 |       ||   156
       Mace              |       |    23 |    38 ||    61
Throw: Club              |       |     2 |       ||     2
       Spear             |       |     2 |       ||     2
 Cast: Freeze            |    49 |   143 |    14 ||   206
       Ozocubu's Armour  |       |     2 |       ||     2
 Abil: Breathe Dispellin |       |       |     3 ||     3
  Use: Scroll            |       |     7 |     9 ||    16
 Stab: Sleeping          |     2 |       |     1 ||     3
